 Dungeon Crawl Stone Soup version 0.26-a0-667-g92642533e4 (webtiles) character file.

Game seed: 13732290340298115915

23 spooktacular the Insei (level 3, -2/28 HPs)
             Began as a Gnoll Transmuter on Oct 16, 2020.
             Slain by a sky beast (6 damage)
             ... on level 3 of the Dungeon.
             The game lasted 00:05:10 (303 turns).

spooktacular the Insei (Gnoll Transmuter)            Turns: 303, Time: 00:05:10

Health: -2/28      AC:  2    Str: 13    XL:     3   Next: 0%
Magic:  2/9        EV: 14    Int: 15    God:
Gold:   9          SH:  0    Dex: 15    Spells: 8/11 levels left

rFire    . . .     SeeInvis .   e - -1 spear (curse)
rCold    . . .     Faith    .   (no shield)
rNeg     . . .     Spirit   .   a - +0 robe
rPois    .         Reflect  .   (helmet currently unavailable)
rElec    .         Harm     .   (no cloak)
rCorr    .         Rampage  .   (no gloves)
MR       .....     Rnd*Tele +   (boots currently unavailable)
Stlth    ++........             (no amulet)
HPRegen  0.09/turn              b - ring of teleportation (curse)
MPRegen  0.11/turn              (no ring)

@: appendages, wereblooded
A: distributed training, fangs 1, horns 2, talons 2, strong nose
a: End Transformation


You were on level 3 of the Dungeon.
You had grown temporary horns.
You had grown temporary talons.
You visited 1 branch of the dungeon, and saw 3 of its levels.

You collected 9 gold pieces.

Inventory:

Hand Weapons
 c - a +0 dagger
 e - a cursed -1 spear (weapon)
Missiles
 j - 14 sling bullets
Armour
 a - a +0 robe (worn)
 d - a +0 pair of boots of flying
Jewellery
 b - a cursed ring of teleportation (left hand)
 i - a cursed ring of teleportation
Scrolls
 f - a scroll of fear {unknown}
 g - 2 scrolls of teleportation {unknown}
Potions
 h - a potion of curing {unknown}
 k - a potion of brilliance {unknown}
 l - a potion of might {unknown}


   Skills:
 + Level 2.5 Fighting
 + Level 0.5 Short Blades
 + Level 0.5 Long Blades
 + Level 0.5 Axes
 + Level 0.5 Maces & Flails
 + Level 0.5 Polearms
 + Level 0.5 Staves
 + Level 0.5 Slings
 + Level 0.5 Bows
 + Level 0.5 Crossbows
 + Level 0.5 Throwing
 + Level 0.5 Armour
 + Level 4.5 Dodging
 + Level 0.5 Stealth
 + Level 0.5 Shields
 + Level 6.5 Unarmed Combat
 + Level 4.9 Spellcasting
 + Level 0.4 Conjurations
 + Level 0.4 Hexes
 + Level 0.4 Summonings
 + Level 0.4 Necromancy
 + Level 0.4 Translocations
 + Level 3.7 Transmutations
 + Level 0.4 Fire Magic
 + Level 0.4 Ice Magic
 + Level 0.4 Air Magic
 + Level 0.4 Earth Magic
 + Level 0.4 Poison Magic
 + Level 0.7 Invocations
 + Level 0.5 Evocations


You had 8 spell levels left.
You knew the following spells:

 Your Spells              Type           Power        Failure   Level
a - Beastly Appendage     Tmut           ##....       3%          1
b - Wereblood             Tmut           ##......     5%          2

Your spell library contained the following spells:

 Spells                   Type           Power        Failure   Level
 Spider Form              Tmut/Pois      #.........   22%         3
 Ice Form                 Ice/Tmut       #.......     56%         4
 Blade Hands              Tmut           ##........   69%         5


Dungeon Overview and Level Annotations

Branches:
Dungeon (3/15)

Altars:


Innate Abilities, Weirdness & Mutations

Your experience applies equally to all skills.
You have very sharp teeth.
Your uncanny sense of smell can sniff out nearby items.
You have a pair of horns on your head.
You have razor-sharp toenails.


Message History

The sky beast barely misses you.
You miss the sky beast. Your bite misses the sky beast.
The sky beast barely misses you.
You hit the sky beast. Your kick misses the sky beast.
The sky beast is lightly wounded.
You howl as the wereblood boils in your veins!
The sky beast barely misses you.
You hit the sky beast.
The sky beast is lightly wounded.
The sky beast hits you but does no damage.
You barely miss the sky beast. Your kick misses the sky beast.
Your headbutt misses the sky beast.
The sky beast is lightly wounded.
The sky beast barely misses you.
You hit the sky beast. You claw the sky beast.
The sky beast is moderately wounded.
The sky beast hits you.
* * * LOW HITPOINT WARNING * * *
The sky beast shocks you.
You die...

######
#....#
#..).#
#.)@.+
#..Y.#
#....#
#....#
######


You could see a sky beast.

Vanquished Creatures
  A dart slug (D:2)
  2 leopard geckos
  An orc (D:3)
  4 goblins
  4 hobgoblins
  A kobold (D:1)
  A bat (D:1)
  2 frilled lizards (D:1)
16 creatures vanquished.

Notes
Turn   | Place    | Note
-------+----------+-------------------------------------------
     0 | D:1      | spooktacular the Gnoll Transmuter began the quest for the
                  | Orb.
     0 | D:1      | Reached XP level 1. HP: 17/17 MP: 6/6
   178 | D:1      | Reached XP level 2. HP: 22/23 MP: 5/7
   199 | D:1      | Learned a level 2 spell: Wereblood
   282 | D:2      | Found a faded altar of an unknown god.
   294 | D:3      | Noticed a sky beast
   298 | D:3      | Reached XP level 3. HP: 7/28 MP: 1/9
   303 | D:3      | Slain by a sky beast

Illustrated notes

Levels and vault maps discovered:
D:1:      elethiomel_arrival_maze, layout_rooms, minmay_tromino_v4_c
D:2:      layout_rooms, chequers_ecumenical_altar_island
D:3:      layout_basic, old_standard_altar, fedhas_altar_2

Action                   || total
-------------------------++-------
Melee: Unarmed           ||    11
       Spear             ||    32
       Kick              ||     7
       Headbutt          ||     5
       Bite              ||     3
       Punch             ||     1
 Cast: Beastly Appendage ||     6
       Wereblood         ||     2
Armor: Robe              ||     7
Dodge: Dodged            ||    37

Table legend: (Time is in decaauts)
 A = Elapsed time spent in this place.
 B = Non-inter-level travel time spent in this place.
 C = Inter-level travel time spent in this place.
 D = Time resting spent in this place.
 E = Time spent auto-exploring this place.
 F = Levels seen in this place.
 G = Mean time per level.
                   A        B        C        D        E       F      G
               +--------+--------+--------+--------+--------+-----+--------+
         Total |    302 |    302 |      0 |      0 |      0 |   3 |  100.7 |
       Dungeon |    302 |    302 |      0 |      0 |      0 |   3 |  100.7 |
               +--------+--------+--------+--------+--------+-----+--------+

Top non-repeatable levels by time:
     D:1: 236 daAuts
     D:2: 56 daAuts
     D:3: 9 daAuts
